 Dungeon Crawl Stone Soup version 0.26-a0-611-g354ed81502 (webtiles) character file.

Game seed: 15529909535327450644

58 Descartes the Covert (level 3, -8/17 HPs)
             Began as a Felid Delver on Sept 5, 2020.
             Mangled by an orc
             ... wielding a +0 flail
              (11 damage)
             ... on level 5 of the Dungeon.
             The game lasted 00:00:31 (64 turns).

Descartes the Covert (Felid Delver)                   Turns: 64, Time: 00:00:32

Health: -8/17      AC:  1    Str:  9    XL:     3   Next: 75%
Magic:  4/4        EV: 18    Int: 11    God:
Gold:   17         SH:  0    Dex: 17    Spells: 2/2 levels left
                                        Lives:  0   Deaths: 0

rFire    . . .     SeeInvis +     - Unarmed
rCold    . . .     Faith    .   (shield unavailable)
rNeg     . . .     Spirit   .   (armour unavailable)
rPois    .         Reflect  .   (helmet unavailable)
rElec    .         Harm     .   (cloak unavailable)
rCorr    .                      (gloves unavailable)
MR       .....                  (boots unavailable)
Stlth    ++++......             (no amulet)
HPRegen  0.05/turn              (no ring)
MPRegen  0.09/turn              (no ring)

@: quick
A: very small, no armour, no weapons or thrown items, stealth, claws 1, fangs 3,
see invisible, speed 1, shaggy fur 1, sharp paws
a: no special abilities


You were on level 5 of the Dungeon.
You visited 1 branch of the dungeon, and saw 1 of its levels.

You collected 17 gold pieces.

Inventory:

Wands
 e - a wand of digging (3)
Scrolls
 a - a scroll of fog
 b - a scroll of magic mapping
 c - a scroll of fear
Potions
 d - a potion of haste


   Skills:
 - Level 3.0 Fighting
 - Level 2.6 Dodging
 + Level 8.5 Stealth
 - Level 2.0 Unarmed Combat


You had 2 spell levels left.
You didn't know any spells.
Your spell library was empty.

Dungeon Overview and Level Annotations

Branches:
Dungeon (5/15)
 Temple: D:4-7

Altars:
Uskayaw


Innate Abilities, Weirdness & Mutations

You cannot wear armour.
You are incapable of wielding weapons or throwing items.
Your paws allow you to move quietly. (Stealth)
You have sharp claws.
You have razor-sharp teeth.
You have supernaturally acute eyesight. (SInv)
You cover ground quickly.
You are covered in fur. (AC +1)
Your sharp claws are effective at attacking unaware monsters.


Message History

You scratch the orc wizard but do no damage.
The orc wizard is severely wounded.
You scratch the orc wizard.
The orc wizard is severely wounded.
The orc wizard hits you with a +0 dagger.
* * * LOW HITPOINT WARNING * * *
You scratch the orc wizard.
The orc wizard is almost dead.
The orc wizard misses you.
You scratch the orc wizard.
You kill the orc wizard!
Your Stealth skill increases to level 8!
The orc throws a boomerang.
The boomerang barely misses you.
The weapon returns to the orc!
The orc barely misses you.
Things that are here:
a +0 dagger; a +0 robe You closely miss the orc.
The orc hits you with a +0 flail!
Ouch! That really hurt!
You die...

..## #.$. #.. #..
##.# #..# #.# ##
#.## .##### ##@##
.....##
##o####..._...
#oo.....8.8..
##...........
########....).......
#...........####...#
#...........# #
#...>......##
#......#..##


You could see 3 orcs.

Vanquished Creatures
  An orc wizard (D:5)
  An orc priest (D:5)
2 creatures vanquished.

Notes
Turn   | Place    | Note
-------+----------+-------------------------------------------
     0 | D:5      | Descartes the Felid Delver began the quest for the Orb.
     0 | D:5      | Reached XP level 1. HP: 10/10 MP: 2/2
    23 | D:5      | Found a hide-covered altar of Uskayaw.
    25 | D:5      | Noticed an orc priest
    26 | D:5      | Noticed an orc wizard
    38 | D:5      | Killed an orc priest
    38 | D:5      | Reached skill level 7 in Stealth
    38 | D:5      | Reached XP level 2. HP: 14/14 MP: 3/3
    38 | D:5      | Reached XP level 3. HP: 17/17 MP: 4/4
    62 | D:5      | Reached skill level 8 in Stealth
    64 | D:5      | Mangled by an orc

Illustrated notes

Levels and vault maps discovered:
D:5:      layout_layer_cave, hangedman_feature_mirror

Skill      XL: |  1  2  3 |
---------------+----------+-----
Stealth        | 7 8 |  8.5
Fighting       | |  3.0
Dodging        | |  2.6
Unarmed Combat | |  2.0

Action                   || total
-------------------------++-------
Melee: Unarmed           ||    21
       Bite              ||     1
Dodge: Dodged            ||    13

Table legend: (Time is in decaauts)
 A = Elapsed time spent in this place.
 B = Non-inter-level travel time spent in this place.
 C = Inter-level travel time spent in this place.
 D = Time resting spent in this place.
 E = Time spent auto-exploring this place.
 F = Levels seen in this place.
 G = Mean time per level.
                   A        B        C        D        E       F      G
               +--------+--------+--------+--------+--------+-----+--------+
         Total |     55 |     55 |      0 |      0 |     20 |   1 |   55.0 |
       Dungeon |     55 |     55 |      0 |      0 |     20 |   1 |   55.0 |
               +--------+--------+--------+--------+--------+-----+--------+

Top non-repeatable levels by time:
     D:5: 55 daAuts
